 Dungeon Crawl Stone Soup version 0.29-a0-207-gf982a884d8 (webtiles) character file.

Game seed: 8658321250707960174

312 lunkers the Shooter (level 5, -3/41 HPs)
             Began as a Demigod Hunter on Feb 24, 2022.
             Slain by a river rat (4 damage)
             ... summoned by Eustachio
             ... on level 3 of the Dungeon.
             The game lasted 00:04:35 (2530 turns).

lunkers the Shooter (Demigod Hunter)                Turns: 2530, Time: 00:04:36

Health: -3/41      AC:  5    Str: 13    XL:     5   Next: 97%
Magic:  0/7        EV: 12    Int: 13    God:
Gold:   173        SH:  0    Dex: 18    Spells: 4/4 levels left

rFire   + . .      SeeInvis .   a - +1 shortbow
rCold   . . .      Faith    .   (shield currently unavailable)
rNeg    . . .      Spirit   +   t - +0 troll leather armour {Pargi}
rPois   .          Reflect  .   (no helmet)
rElec   .          Harm     .   (no cloak)
rCorr   .          Rampage  .   (no gloves)
Will    .....                   n - +0 pair of boots
Stlth   ++........              e - amulet of guardian spirit
HPRegen 0.93/turn               o - ring of protection from fire
MPRegen 0.10/turn               (no ring)

@: no status effects
A: high MP 1, forlorn, divine attributes
a: no special abilities


You were on level 3 of the Dungeon.
You visited 1 branch of the dungeon, and saw 4 of its levels.

You collected 173 gold pieces.

Inventory:

Hand Weapons
 a - a +1 shortbow (weapon)
Armour
 b - a +0 leather armour
 n - a +0 pair of boots (worn)
 p - a +0 ring mail
 t - a +0 troll leather armour (worn) {Pargi}
Jewellery
 e - an amulet of guardian spirit (around neck)
 h - a ring of wizardry
 o - a ring of protection from fire (left hand)
Wands
 s - a wand of flame (2)
Scrolls
 g - a scroll of fear {unknown}
 i - 4 scrolls of identify {unknown}
 j - a scroll of acquirement {unknown}
 m - a scroll of enchant weapon {unknown}
 q - a scroll of enchant armour {unknown}
 r - a scroll of vulnerability {unknown}
 u - a scroll of teleportation {unknown}
Potions
 c - 3 potions of might {unknown}
 d - 2 potions of curing {unknown}
 f - 3 potions of haste {unknown}
 k - 2 potions of cancellation {unknown}
 l - a potion of brilliance {unknown}


   Skills:
 - Level 1.7 Fighting
 + Level 6.9 Bows
 - Level 1.7 Dodging
 - Level 0.8 Stealth


You had 4 spell levels left.
You didn't know any spells.
Your spell library was empty.

Dungeon Overview and Level Annotations

Branches:
Dungeon (4/15)
 Temple: D:4-7

Annotations:
D:3 Eustachio


Innate Abilities, Weirdness & Mutations

You have an increased reservoir of magic. (+10% MP)
You shall have no god before yourself.
Your divine heritage dramatically boosts your attributes as you level up.


Message History

* * * LOW HITPOINT WARNING * * *
Unknown command.
Shoot: a) +1 shortbow
Press: ? - help, Q - select action, (/) - cycle Shift-Dir - straight line, f/p - Eustachio
Aim: Eustachio, wielding a +0 rapier and wearing a +0 leather armour (heavily wounded, 56% to hit)
You shoot an arrow. The arrow barely misses Eustachio.
The arrow completely misses the quokka.
Eustachio hits you with a +0 rapier.
* * * LOW HITPOINT WARNING * * *
The river rat bites you but does no damage.
Shoot: a) +1 shortbow
Press: ? - help, Q - select action, (/) - cycle Shift-Dir - straight line, f/p - Eustachio
Aim: Eustachio, wielding a +0 rapier and wearing a +0 leather armour (heavily wounded, 56% to hit)
You shoot an arrow. The arrow closely misses Eustachio.
The arrow hits the quokka!
You kill the quokka!
The quokka's corpse disappears in a puff of smoke!
Eustachio gestures wildly while chanting.
The river rat bites you.
* * * LOW HITPOINT WARNING * * *
Shoot: a) +1 shortbow
Press: ? - help, Q - select action, (/) - cycle Shift-Dir - straight line, f/p - Eustachio
Aim: Eustachio, wielding a +0 rapier and wearing a +0 leather armour (heavily wounded, 56% to hit)
You shoot an arrow. The arrow completely misses Eustachio.
The arrow completely misses the quokka.
Eustachio hits you with a +0 rapier.
* * * LOW MAGIC WARNING * * *
* * * LOW HITPOINT WARNING * * *
The river rat misses you.
Unknown command.
Shoot: a) +1 shortbow
Press: ? - help, Q - select action, (/) - cycle Shift-Dir - straight line, f/p - Eustachio
Aim: Eustachio, wielding a +0 rapier and wearing a +0 leather armour (heavily wounded, 56% to hit)
You shoot an arrow. The arrow barely misses Eustachio.
The arrow closely misses the quokka.
Eustachio hits you with a +0 rapier!
* * * LOW MAGIC WARNING * * *
* * * LOW HITPOINT WARNING * * *
The river rat bites you.
You die...

# # # # # # #######
###############.....#
#>r@@r..............#
#####.###....######.....#
#.......#.........#.....#
#.......#.........#.....#
#.......#.........####.##
#.......#.......))...#..#
#.......###..........##.#
#.......# #####......##.#
#########.......#
#............#


You could see Eustachio, a river rat (summoned) and a quokka (summoned).

Vanquished Creatures
  Pargi (D:3)
  A centaur skeleton (D:3)
  Jessica (D:3)
  An orc wizard (D:3)
  A hound skeleton (D:4)
  3 gnolls
  4 adders
  A worm (D:2)
  A dart slug (D:1)
  4 orcs (D:3)
  5 bats
  4 endoplasms
  2 giant cockroaches
  5 goblins
  5 hobgoblins
  3 jackals (D:1)
  8 kobolds
  2 quokkas
  4 ball pythons
  2 frilled lizards (D:1)
  2 rats (D:1)
60 creatures vanquished.

Notes
Turn   | Place    | Note
-------+----------+-------------------------------------------
     0 | D:1      | lunkers the Demigod Hunter began the quest for the Orb.
     0 | D:1      | Reached XP level 1. HP: 17/17 MP: 3/3
   176 | D:1      | Reached skill level 4 in Bows
   219 | D:1      | Reached XP level 2. HP: 24/24 MP: 4/4
   628 | D:1      | You fall into a shaft and drop 1 floor!
   633 | D:2      | Reached XP level 3. HP: 29/29 MP: 5/5
   717 | D:2      | Reached skill level 5 in Bows
   866 | D:2      | Reached XP level 4. HP: 36/36 MP: 6/6
  1368 | D:3      | Noticed Jessica
  1372 | D:3      | Killed Jessica
  1531 | D:3      | Reached skill level 6 in Bows
  1531 | D:3      | Reached XP level 5. HP: 39/41 MP: 7/7
  2124 | D:3      | Noticed Pargi
  2137 | D:3      | Killed Pargi
  2451 | D:4      | Noticed Eustachio
  2530 | D:3      | HP: 1/41 [Eustachio/+0 rapier (6)]
  2530 | D:3      | Slain by a river rat

Illustrated notes

Levels and vault maps discovered:
D:1:      ncdulo_watergridlock, layout_loops_ring,
          hellmonk_ecumenical_altar_defaced_shrine, serial_bayou_pond_a
D:2:      layout_basic
D:3:      layout_basic, general_overflow_altar, kennysheep_flooded_box,
          minmay_circle_x, uniq_jessica, uniq_pargi
D:4:      layout_basic, minmay_surrounded, uniq_eustachio

Skill      XL: |  1  2  3  4 |
---------------+-------------+-----
Bows           | 4 5 6 |  6.9
Fighting       | |  1.7
Dodging        | |  1.7
Stealth        | |  0.8

Action                   |  1- 3 |  4- 6 || total
-------------------------+-------+-------++-------
 Fire: Shortbow          |    79 |   114 ||   193
Evoke: Wand              |       |    10 ||    10
Armor: Leather armour    |     5 |       ||     5
       Ring mail         |       |    15 ||    15
       Troll leather arm |       |    13 ||    13
Dodge: Dodged            |    27 |    82 ||   109

Table legend: (Time is in decaauts)
 A = Elapsed time spent in this place.
 B = Non-inter-level travel time spent in this place.
 C = Inter-level travel time spent in this place.
 D = Time resting spent in this place.
 E = Time spent auto-exploring this place.
 F = Levels seen in this place.
 G = Mean time per level.
                   A        B        C        D        E       F      G
               +--------+--------+--------+--------+--------+-----+--------+
         Total |   2588 |   2493 |     95 |    233 |   1787 |   4 |  647.0 |
       Dungeon |   2588 |   2493 |     95 |    233 |   1787 |   4 |  647.0 |
               +--------+--------+--------+--------+--------+-----+--------+

Top non-repeatable levels by time:
     D:3: 1163 daAuts
     D:1: 769 daAuts
     D:2: 580 daAuts
     D:4: 75 daAuts
